 Dungeon Crawl Stone Soup version 0.30-a0-728-gc68057be0a (webtiles) character file.

Game seed: 2797120220859483321

20 scionoferis the Vexing (level 2, -1/23 HPs)
             Began as a Demigod Hexslinger on Jan 30, 2023.
             Slain by a frilled lizard (2 damage)
             ... on level 2 of the Dungeon.
             The game lasted 00:00:49 (192 turns).

scionoferis the Vexing (Demigod Hexslinger)          Turns: 192, Time: 00:00:50

Health: -1/23      AC:  4    Str: 11    XL:     2   Next: 42%
Magic:  5/5        EV: 12    Int: 15    God:
Gold:   13         SH:  0    Dex: 14    Spells: 2/3 levels left

rFire   + . .      SeeInvis .    a - +1 sling
rCold   + . .      Faith    .    (no shield)
rNeg    . . .      Spirit   .    c - +0 robe
rPois   +          Reflect  .    (no helmet)
rElec   +          Harm     .    e - +1 cloak
rCorr   +          Rampage  .    (no gloves)
Will    .....                    (no boots)
Stlth   ++                       (no amulet)
HPRegen 0.23/turn                (no ring)
MPRegen 0.09/turn                (no ring)

@: resistant
A: high MP 1, forlorn, divine attributes
a: no special abilities


You were on level 2 of the Dungeon.
You visited 1 branch of the dungeon, and saw 2 of its levels.

You collected 13 gold pieces.


Innate Abilities, Weirdness & Mutations

You have an increased reservoir of magic. (+10% MP)
You shall have no god before yourself.
Your divine heritage dramatically boosts your attributes as you level up.


   Skills:
 + Level 1.3 Fighting
 - Level 1.7 Ranged Weapons
 * Level 2.4 Dodging
 + Level 1.0 Stealth
 - Level 1.0 Spellcasting
 - Level 2.6 Hexes


You had 2 spell levels left.
You knew the following spells:

 Your Spells              Type           Power      Damage    Failure   Level
a - Slow                  Hex            32%        N/A       9%          1

Your spell library contained the following spells:

 Spells                   Type           Power      Damage    Failure   Level
 Inner Flame              Hex/Fire       4%         N/A       38%         3
 Portal Projectile        Hex/Tloc       8%         N/A       38%         3
 Cause Fear               Hex            4%         N/A       63%         4

Inventory:

Hand Weapons
 a - a +1 sling (weapon)
Armour
 c - a +0 robe (worn)
 e - a +1 cloak (worn)
   (You found it on level 2 of the Dungeon)
Scrolls
 b - a scroll of poison

Dungeon Overview and Level Annotations

Branches:
Dungeon (2/15)

Annotations:
D:2 Terence

...####.######..###.#
....# #.# #..>.# #.#
####.# #.# #.#..###.#
#. #.# #.#......####
# #.####.#.####.....
#. #........## ######
.. ######..#.#
#.#######.#.##
#bl@.....#.#
##.#######.# #l## #.#
#.# #.# #.# #.# ##
#.# ... #.#


You could see a bat and 2 frilled lizards.


Message History

Welcome, scionoferis the Demigod Hexslinger.
Are you destined to find the transcendent Orb of Zot, or to die trying?
Press ? for a list of commands and other information.
Found an emerald potion.
Found a staircase leading out of the dungeon.
d - an emerald potion A bat comes into view.
You shoot a sling bullet. The sling bullet misses the bat.
You shoot a sling bullet. The sling bullet misses the bat.
The bat completely misses you.
You shoot a sling bullet. The sling bullet barely misses the bat.
The bat hits you.
You shoot a sling bullet.
The sling bullet closely misses the bat.
The bat closely misses you. The bat hits you but does no damage.
You shoot a sling bullet. The sling bullet hits the bat.
The bat is moderately wounded.
The bat barely misses you.
You shoot a sling bullet. The sling bullet barely misses the bat.
The bat hits you but does no damage.
You shoot a sling bullet. The sling bullet hits the bat.
The bat is severely wounded.
The bat closely misses you.
You shoot a sling bullet.
The sling bullet closely misses the bat.
The bat barely misses you. The bat hits you but does no damage.
You shoot a sling bullet. The sling bullet barely misses the bat.
The bat misses you. The bat barely misses you.
You shoot a sling bullet.
The sling bullet closely misses the bat.
The bat hits you. The bat hits you but does no damage.
You shoot a sling bullet. The sling bullet hits the bat.
You kill the bat!
No target in view!
A rat and a goblin come into view.
You shoot a sling bullet. The sling bullet hits the rat.
You kill the rat!
The goblin shouts!
You shoot a sling bullet.
The sling bullet closely misses the goblin.
A rat comes into view.
You shoot a sling bullet.
The sling bullet barely misses the goblin.
The sling bullet closely misses the rat.
An endoplasm comes into view.
You shoot a sling bullet. The sling bullet hits the goblin.
The goblin is severely wounded.
You shoot a sling bullet. The sling bullet hits the goblin.
You kill the goblin!
Your Fighting skill increases to level 1!
You shoot a sling bullet.
The sling bullet closely misses the rat.
The rat twitches its whiskers.
You shoot a sling bullet. The sling bullet hits the rat.
The rat is moderately wounded.
You hear a shout!
A hobgoblin comes into view.
You shoot a sling bullet.
The sling bullet closely misses the rat.
The sling bullet hits the hobgoblin.
The hobgoblin is severely wounded.
The rat bites you. The endoplasm freezes you.
You are frozen.
The rat misses you.
You shoot a sling bullet. The sling bullet hits the rat.
You kill the rat!
The endoplasm freezes you.
You are frozen.
The endoplasm jiggles.
You shoot a sling bullet. The sling bullet hits the endoplasm!
You kill the endoplasm!
Your Dodging skill increases to level 2!
You shoot a sling bullet. The sling bullet hits the hobgoblin.
You kill the hobgoblin!
No target in view!
No target in view!
HP restored.
A sourceless malevolence fills the Dungeon...
You fall into a shaft and drop 1 floor!
The shaft crumbles and collapses.
A dart slug comes into view.
You shoot a sling bullet. The sling bullet hits the dart slug.
The dart slug is heavily wounded.
You shoot a sling bullet. The sling bullet hits the dart slug.
The dart slug is severely wounded.
No target in view!
No target in view!
No target in view!
No target in view!
You shoot a sling bullet. The sling bullet hits the dart slug.
You kill the dart slug!
No target in view!
No target in view!
A ball python comes into view.
You shoot a sling bullet. The sling bullet hits the ball python.
You kill the ball python!
No target in view!
No target in view!
Found a stone staircase leading down.
Found 4 stones.
You see here a +1 cloak.
e - a +1 cloak You start putting on your armour.
You continue putting on your +1 cloak. x4
You finish putting on your +1 cloak.
A ball python comes into view.
You shoot a sling bullet. The sling bullet hits the ball python.
You kill the ball python!
You have reached level 2!
You now have 7 gold pieces.
Terence the Incautious comes into view.
He is wielding a +0 hand axe.
Found a scroll labelled VYKEEZ UBLO.
You now have 13 gold pieces (gained 6).
An adder comes into view.
The adder hisses angrily.
You shoot a sling bullet.
The sling bullet closely misses the adder.
You shoot a sling bullet. The sling bullet misses the adder.
The adder closely misses you. The adder bites you.
You are poisoned.
The adder poisons you!
You shoot a sling bullet. The sling bullet hits the adder.
The adder is heavily wounded.
You feel sick. The adder bites you but does no damage. The adder bites you.
You shoot a sling bullet.
The sling bullet closely misses the adder.
You feel sick.
You hear an angry hiss.
The adder misses you. The adder bites you but does no damage.
You shoot a sling bullet.
The sling bullet barely misses the adder.
You feel sick. The adder bites you but does no damage.
You shoot a sling bullet.
The sling bullet closely misses the adder.
You feel sick.
You are no longer poisoned.
You hear an angry hiss.
The adder bites you.
A frilled lizard comes into view.
The adder misses you.
You shoot a sling bullet. The sling bullet misses the adder.
The adder bites you.
You are poisoned.
The adder poisons you! The adder closely misses you.
You are too injured to fight recklessly!
You are too injured to fight recklessly!
You are too injured to fight recklessly!
Fire: a) +1 sling
Press: ? - help, Q - select action, (/) - cycle Shift-Dir - straight line, f - frilled lizard, p - adder
Aim: a frilled lizard (35% to hit)
You shoot a sling bullet. The sling bullet hits the adder!
You kill the adder!
You feel sick.
The frilled lizard unfolds its giant frill.
The frilled lizard barely misses you.
Your Stealth skill increases to level 1!
Fire: a) +1 sling
Press: ? - help, Q - select action, (/) - cycle Shift-Dir - straight line, f/p - frilled lizard
Aim: a frilled lizard (35% to hit)
You shoot a sling bullet.
The sling bullet hits the frilled lizard.
The frilled lizard is heavily wounded.
You feel sick.
You hear an angry hiss.
The frilled lizard bites you.
* * * LOW HITPOINT WARNING * * *
Fire: a) +1 sling
Press: ? - help, Q - select action, (/) - cycle Shift-Dir - straight line, f/p - frilled lizard
Aim: a frilled lizard (heavily wounded, 35% to hit)
You shoot a sling bullet.
The sling bullet barely misses the frilled lizard.
You feel sick.
A bat comes into view.
The frilled lizard closely misses you.
A frilled lizard comes into view.
It was a potion of resistance.
You feel protected.
You feel sick. The frilled lizard bites you.
* * * LOW HITPOINT WARNING * * *
* * * LOW HITPOINT WARNING * * *
You feel sick.
You are no longer poisoned.
The frilled lizard attacks as you move away!
The frilled lizard bites you.
You die...

Skill      XL: |  1  2 |
---------------+-------+-----
Fighting       | 1 |  1.3
Dodging        | 2 |  2.4
Stealth        | 1 |  1.0
Ranged Weapons | |  1.7
Spellcasting   | |  1.0
Hexes          | |  2.6

Action                     || total
---------------------------++-------
   Fire: Sling             ||    37
    Use: Potion            ||     1
 Armour: Robe              ||     7
  Dodge: Dodged            ||    14

Levels and vault maps discovered:
D:1:      minmay_arrival_semitransparent, layout_basic, serial_shops, shop
D:2:      layout_loops_ring, basic_altar, nicolae_elevator_lobby_plus,
          uniq_natasha, uniq_terence

Notes
Turn   | Place    | Note
-------+----------+-------------------------------------------
     0 | D:1      | scionoferis the Demigod Hexslinger began the quest for the
                  | Orb.
     0 | D:1      | Reached XP level 1. HP: 15/15 MP: 4/4
    33 | D:1      | Reached skill level 1 in Fighting
    41 | D:1      | Reached skill level 2 in Dodging
    69 | D:1      | You fall into a shaft and drop 1 floor!
   137 | D:2      | Reached XP level 2. HP: 23/23 MP: 5/5
   140 | D:2      | Noticed Terence
   188 | D:2      | Reached skill level 1 in Stealth
   190 | D:2      | Identified a potion of resistance
   190 | D:2      | HP: 2/23 [frilled lizard (1)]
   192 | D:2      | Slain by a frilled lizard

Vanquished Creatures
  An adder (D:2)
  A dart slug (D:2)
  An endoplasm (D:1)
  A goblin (D:1)
  A hobgoblin (D:1)
  2 ball pythons (D:2)
  A bat (D:1)
  2 rats (D:1)
10 creatures vanquished.

Table legend: (Time is in decaauts)
 A = Elapsed time spent in this place.
 B = Non-inter-level travel time spent in this place.
 C = Inter-level travel time spent in this place.
 D = Time resting spent in this place.
 E = Time spent auto-exploring this place.
 F = Levels seen in this place.
 G = Mean time per level.
                   A        B        C        D        E       F      G
               +--------+--------+--------+--------+--------+-----+--------+
         Total |    203 |    203 |      0 |      0 |    126 |   2 |  101.5 |
       Dungeon |    203 |    203 |      0 |      0 |    126 |   2 |  101.5 |
               +--------+--------+--------+--------+--------+-----+--------+

Top non-repeatable levels by time:
     D:2: 127 daAuts
     D:1: 75 daAuts

Table legend:
 A = Non-vault XP
 B = Vault XP
 C = Vault XP percentage of total XP
 D = Non-vault monster count
 E = Vault monster count
 F = Vault count percentage of total count
                 A         B        C        D         E       F
            +---------+---------+-------+---------+---------+-------
      Total |      29 |       0 |   0.0 |      10 |       0 |   0.0
            +---------+---------+-------+---------+---------+-------
        D:1 |       9 |       0 |   0.0 |       6 |       0 |   0.0
        D:2 |      20 |       0 |   0.0 |       4 |       0 |   0.0
            +---------+---------+-------+---------+---------+-------
